 Dungeon Crawl Stone Soup version 0.17-a0-417-gc4a8610 (webtiles) character file.

331 Pikaro the Skirmisher (level 6, -2/66 HPs)
             Began as an Ogre Arcane Marksman on Apr 3, 2015.
             Slain by an ice beast (13 damage)
             ... on level 4 of the Dungeon.
             The game lasted 00:10:06 (5404 turns).

Pikaro the Skirmisher (Ogre Arcane Marksman)        Turns: 5404, Time: 00:10:07

Health: -2/66      AC:  3    Str: 19    XL:     6   Next: 51%
Magic:  7/7        EV: 10    Int: 12    God:
Gold:   304        SH:  0    Dex:  9    Spells: 1 memorised, 6 levels left

rFire  . . .     SeeInvis .     e - +3 flail
rCold  . . .     Clarity  .     a - +0 robe
rNeg   . . .     SustAb   .     (no shield)
rPois  .         Gourm    .     (helmet restricted)
rElec  .         Spirit   .     (no cloak)
rCorr  .         Warding  .     (gloves unavailable)
rMut   .         Stasis   .     (boots unavailable)
MR     .....                    (no amulet)
Stlth  +.........               (no ring)
                                (no ring)

@: about to teleport, not resistant to hostile enchantments, very unstealthy
A: unfitting armour, tough skin 1
a: no special abilities


You were on level 4 of the Dungeon.
You were not hungry.

You visited 1 branch of the dungeon, and saw 4 of its levels.

You collected 304 gold pieces.

Inventory:

Hand weapons
 e - a +3 flail (weapon)
   (You took it off an orc on level 3 of the Dungeon)
 u - a +0 blowgun
   (You took it off a kobold on level 3 of the Dungeon)
Missiles
 c - 2 throwing nets {=f, !d}
 i - 2 needles of frenzy
 k - 78 stones
 s - 2 large rocks (quivered) {!d}
 t - 22 poisoned needles
Armour
 a - a +0 robe (worn)
Jewellery
 q - an uncursed ring of teleportation {+/*tele, !d}
   (You found it on level 3 of the Dungeon)
Scrolls
 b - a scroll of recharging {unknown}
 h - 2 scrolls of identify
 j - a scroll of remove curse
Potions
 l - a potion of haste {unknown}
Books
 d - a book of Debilitation
Comestibles
 f - a bread ration
 g - 8 fruits
 n - 2 meat rations
 o - a beef jerky
 r - a royal jelly


   Skills:
 + Level 5.0 Fighting
 + Level 4.5 Maces & Flails
 + Level 4.5 Throwing
 - Level 1.7 Dodging
 - Level 1.2 Spellcasting
 - Level 2.1 Hexes


You had 6 spell levels left.
You knew the following spells:

 Your Spells              Type           Power        Failure   Level  Hunger
A - Corona                Hex            #......      14%         1    ##.....


Dungeon Overview and Level Annotations

Branches:
Dungeon (4/15)
 Temple: D:4-7

Altars:
Elyvilon
Fedhas
Kikubaaqudgha
Makhleb
Qazlal
The Shining One


Innate Abilities, Weirdness & Mutations

You are too large for most types of armour.
You have tough skin (AC +1).


Message History

You kill the jackal!
The jackal barely misses you.
You hit the jackal.
You kill the jackal!
No target in view!
No target in view! a jackal corpse x3
You butcher the jackal corpse.
p - 2 chunks of flesh; a jackal skeleton; a jackal corpse; a jackal corpse Eating one of 2 chunks of flesh.
You continue eating. x2
Items here: jackal skeleton, jackal corpse, jackal corpse You start resting.
Health restored: 65; Total turns waited: 5 You see here a jackal corpse.
You now have 285 gold pieces (gained 6).
You see here a jackal corpse. a jackal skeleton; a jackal corpse; a jackal corpse You now have 298 gold pieces (gained 13).
You now have 304 gold pieces (gained 6).
Eating a chunk of flesh.
You continue eating. x2
k - 63 stones (gained 15)
A worker ant comes into view.
The worker ant twitches its antennae in your direction.
The worker ant bites you but does no damage.
You hit the worker ant. The worker ant misses you.
The worker ant barely misses you.
You closely miss the worker ant.
The worker ant bites you but does no damage.
You sock the worker ant!
You kill the worker ant!
Your Fighting skill increases to level 5!
Put on which piece of jewellery? (? for menu, Esc to quit)
Okay, then.
You start resting.
Health restored: 66; Total turns waited: 4
k - 78 stones (gained 15)
A kobold comes into view.
Read which item? (? for menu, Esc to quit)
As you read the scroll of remove curse, it crumbles to dust.
You feel as if something is helping you.
Put on which piece of jewellery? (? for menu, Esc to quit)
You remove your ring of teleportation {+/*tele, !d}.
You closely miss the kobold. The kobold hits you.
The kobold closely misses you.
You take 1 damage, and have 65/66 hp.
You barely miss the kobold. The kobold hits you.
You take 3 damage, and have 62/66 hp.
You thump the kobold!
You kill the kobold!
No target in view!
No target in view!
You start resting.
Health restored: 66; Total turns waited: 17
h - 2 scrolls of identify (gained 1)
A kobold comes into view. It is wielding a short sword.
The kobold shouts!
An ice beast comes into view.
You closely miss the kobold. The kobold barely misses you.
You closely miss the kobold. The kobold hits you but does no damage.
You miss the kobold. The kobold misses you.
You barely miss the kobold. The kobold hits you with a short sword!
You take 7 damage, and have 59/66 hp.
You hit the kobold. The kobold barely misses you.
You closely miss the ice beast. The ice beast hits you.
The ice beast freezes you. The ice beast barely misses you.
You take 11 damage, and have 49/66 hp.
You hit the ice beast. The ice beast hits you. The ice beast freezes you.
You take 6 damage, and have 43/66 hp.
You sock the ice beast! The ice beast barely misses you.
You barely miss the ice beast. The ice beast misses you.
You hit the ice beast but do no damage. The ice beast hits you.
The ice beast freezes you!
You take 9 damage, and have 34/66 hp.
You hit the ice beast. The ice beast hits you. The ice beast freezes you.
The ice beast closely misses you.
You take 6 damage, and have 28/66 hp.
HP below 50%!
You closely miss the ice beast. The ice beast hits you.
The ice beast freezes you.
You take 8 damage, and have 20/66 hp.
You hit the ice beast. The ice beast hits you.
* * * LOW HITPOINT WARNING * * *
The ice beast freezes you!
* * * LOW HITPOINT WARNING * * *
You take 15 damage, and have 5/66 hp.
MASSIVE DAMAGE!!
HP below 25%!
Drink which item? (? for menu, Esc to quit)
Okay, then.
Read which item? (? for menu, Esc to quit)
As you read the scroll of teleportation, it crumbles to dust.
You feel strangely unstable.
The ice beast hits you but does no damage.
Aim: an ice beast (heavily wounded)
You throw a large rock {!d}. The large rock {!d} hits the ice beast!
The ice beast hits you.
* * * LOW HITPOINT WARNING * * *
The ice beast freezes you!
You die...

#.# #.# #.#
#.# #.# #.#
#K#
#######Y##
.........@#
##########


You could see an ice beast and a kobold.

Vanquished Creatures
  A phantom (D:4)
  A hound (D:4)
  An orc wizard (D:3)
  A worker ant (D:4)
  3 adders (D:3)
  A giant mite (D:1)
  7 worms
  5 giant geckos
  7 orcs (D:3)
  A ball python (D:1)
  5 goblins
  11 hobgoblins
  14 jackals
  9 kobolds
  6 bats
  5 giant cockroaches
  5 giant newts
  8 rats
91 creatures vanquished.

Notes
Turn   | Place    | Note
--------------------------------------------------------------
     0 | D:1      | Pikaro, the Ogre Arcane Marksman, began the quest for the Orb.
     0 | D:1      | Reached XP level 1. HP: 19/19 MP: 2/2
   152 | D:1      | Reached skill level 1 in Maces & Flails
   219 | D:1      | Reached skill level 2 in Fighting
   219 | D:1      | Reached XP level 2. HP: 8/28 MP: 3/3
   219 | D:1      | HP: 7/28 [bat (1)]
   225 | D:1      | HP: 6/28 [poisoned by a giant mite]
   233 | D:1      | HP: 5/28 [poisoned by a giant mite]
   919 | D:1      | Reached skill level 2 in Maces & Flails
  1019 | D:1      | Reached XP level 3. HP: 27/35 MP: 4/4
  1865 | D:2      | Noticed a fire elemental
  1869 | D:2      | Found a stormy altar of Qazlal.
  1876 | D:2      | Noticed an air elemental
  1876 | D:2      | Noticed an earth elemental
  1876 | D:2      | Noticed a water elemental
  2021 | D:2      | Found a white marble altar of Elyvilon.
  2199 | D:2      | Reached skill level 3 in Throwing
  2211 | D:2      | Reached XP level 4. HP: 40/44 MP: 5/5
  2413 | D:2      | Found a glowing golden altar of the Shining One.
  2734 | D:2      | Reached skill level 3 in Maces & Flails
  2799 | D:2      | Found a blossoming altar of Fedhas.
  2799 | D:2      | Found a stormy altar of Qazlal.
  3026 | D:3      | Reached skill level 3 in Fighting
  3207 | D:3      | Found a burning altar of Makhleb.
  3274 | D:3      | HP: 9/45 [adder (5)]
  3285 | D:3      | HP: 11/45 [kobold/whip (3)]
  3290 | D:3      | HP: 10/45 [poisoned by an adder]
  4062 | D:3      | Found an ancient bone altar of Kikubaaqudgha.
  4125 | D:3      | Reached XP level 5. HP: 42/53 MP: 4/6
  4349 | D:3      | Reached skill level 4 in Fighting
  4349 | D:3      | Reached skill level 4 in Throwing
  4905 | D:4      | Reached skill level 4 in Maces & Flails
  5005 | D:4      | Noticed a phantom
  5051 | D:4      | Killed a phantom
  5051 | D:4      | Reached XP level 6. HP: 36/65 MP: 7/7
  5293 | D:4      | Reached skill level 5 in Fighting
  5347 | D:4      | Noticed an ice beast
  5366 | D:4      | HP: 16/66 [ice beast (4)]
  5366 | D:4      | HP: 5/66 [ice beast (11)]
  5404 | D:4      | HP: 11/66 [ice beast (2)]
  5404 | D:4      | Slain by an ice beast

Action                   |  1- 3 |  4- 6 || total
-------------------------+-------+-------++-------
Melee: Club              |   122 |   100 ||   222
       Unarmed           |     5 |       ||     5
       Whip              |       |   122 ||   122
       Flail             |       |    59 ||    59
Throw: Large rock        |    28 |    24 ||    52
       Stone             |     2 |    29 ||    31
 Cast: Corona            |     1 |     7 ||     8
  Use: Scroll            |     3 |     2 ||     5
       Potion            |       |     3 ||     3
  Eat: Chunk             |     4 |    11 ||    15

Vault maps used:
D:1:      kilobyte_arrival_exit_the_forest, serial_forest,
          infiniplex_forest_clump_diagonal, infiniplex_forest_clump_small,
          infiniplex_forest_clump_curved, infiniplex_forest_straight_4
D:2:      gammafunk_temple_overflow_forgotten, tso_metal_star,
          nicolae_qazlal_style_of_elements
D:3:      kiku_gazebo_garden_becter, grunt_ministairs_7,
          makhleb_altar_promises_db
D:4:      first_bread, roderic_ancient_swastika

Table legend:
 A = Turns spent in this place as a percentage of turns spent in the entire game.
 B = Non-inter-level travel turns spent in this place as a percentage of non-inter-level travel turns spent in the entire game.
 C = Inter-level travel turns spent in this place as a percentage of turns spent in this place.
 D = Turns resting spent in this place as a percentage of non-inter-level travel turns spent in this place.
 E = Turns spent auto-exploring this place as a percentage of non-inter-level travel turns spent in this place.
 F = Non-inter-level travel turns spent in this place divided by the number of levels of this place that you've seen.
                   A       B       C       D       E      F
               +-------+-------+-------+-------+-------+----------------------
         Total | 100.0 | 100.0 |   0.3 |   9.1 |   6.9 | 286.0
       Dungeon | 100.0 | 100.0 |   0.3 |   9.1 |   6.9 | 286.0
               +-------+-------+-------+-------+-------+----------------------

Table legend:
 A = Kills in this place as a percentage of kills in entire the game.
 B = Kills by you in this place as a percentage of kills by you in the entire game.
 C = Kills by friends in this place as a percentage of kills by friends in the entire game.
 D = Other kills in this place as a percentage of other kills in the entire game.
 E = Experience gained in this place as a percentage of experience gained in the entire game.
 F = Experience gained in this place divided by the number of levels of this place that you have seen.
                   A       B       C       D       E      F
               +-------+-------+-------+-------+-------+----------------------
         Total | 100.0 | 100.0 |  -nan |  -nan | 100.0 | 118.2
       Dungeon | 100.0 | 100.0 |  -nan |  -nan | 100.0 | 118.2
               +-------+-------+-------+-------+-------+----------------------
